[Event "1e klasse OSBO competitie"]
[Site "Meppel"]
[Date "2008.03.11"]
[Round "6"]
[White "Tan, Boen"]
[Black "de Bruin, Wilco"]
[Result "0-1"]
[ECO "C44"]
[WhiteElo "1870"]
[BlackElo "1832"]
[PlyCount "62"]
[EventDate "2008.??.??"]
[TimeControl "240+2"]

1. e4 e5 2. d4 exd4 3. Nf3 Nc6 4. c3 d3 5. Bxd3 d6 6. h3 Be7 7. O-O Be6 8. Nd4
Bd7 9. Nxc6 Bxc6 10. Qg4 Nf6 11. Qxg7 Rg8 12. Qh6 Nxe4 13. Bxe4 Bxe4 14. f3 Bf5
15. Re1 Rg6 16. Qh5 Qd7 17. Bg5 Be6 18. Bxe7 Qxe7 19. Qa5 a6 20. Qa4+ c6 21.
Qd4 O-O-O 22. Nd2 Qg5 23. Qf2 h5 24. f4 Qd5 25. c4 Qd3 26. Re3 Qc2 27. g4 Bxc4
28. Rc3 Qxb2 29. Rb1 Qxc3 30. Qg2 Qd4+ 31. Kh2 Bd5 0-1